 Dungeon Crawl Stone Soup version 0.29.0-4-gdea44cf6ec (webtiles) character file.

Game seed: 3698298365729580624

403 qw the Chopper (level 6, 0/37 HPs)
             Began as a Tengu Warper on Aug 28, 2022.
             Frozen to death by an endoplasm (3 damage)
             ... on level 4 of the Dungeon.
             The game lasted 00:00:23 (3655 turns).

qw the Chopper (Tengu Warper)                       Turns: 3655, Time: 00:00:24

Health: 0/37       AC:  7    Str: 13    XL:     6   Next: 86%
Magic:  10/10      EV: 11    Int: 13    God:
Gold:   124        SH:  0    Dex: 14    Spells: 9/9 levels left

rFire   + . .      SeeInvis .   Y - +1 hand axe
rCold   . . .      Faith    .   (no shield)
rNeg    . . .      Spirit   .   g - +0 scale mail
rPois   .          Reflect  .   (helmet restricted)
rElec   .          Harm     .   h - +0 cloak
rCorr   .          Rampage  .   (no gloves)
Will    .....                   (boots unavailable)
Stlth   ..........              (no amulet)
HPRegen 0.12/turn               l - ring of protection from fire
MPRegen 0.12/turn               (no ring)

@: flying quickly and evasively, quick
A: beak, talons 3, nimble flight
a: no special abilities


You were on level 4 of the Dungeon.
You visited 1 branch of the dungeon, and saw 4 of its levels.

You collected 124 gold pieces.


Innate Abilities, Weirdness & Mutations

You have a beak for a mouth.
You have claws for feet.
Your magical nature lets you fly swiftly and evasively.


   Skills:
 - Level 3.1 Fighting
 + Level 7.3 Axes
 - Level 1.0 Throwing
 - Level 1.1 Armour
 - Level 2.1 Dodging
 - Level 2.0 Spellcasting
 - Level 2.4 Translocations


You had 9 spell levels left.
You didn't know any spells.
Your spell library contained the following spells:

 Spells                   Type           Power      Damage    Failure   Level
 Blink                    Tloc           14%        N/A       56%         2
 Gell's Gravitas          Tloc           7%         N/A       80%         3
 Lesser Beckoning         Tloc           7%         N/A       80%         3
 Teleport Other           Tloc           7%         N/A       80%         3
 Manifold Assault         Tloc           7%         N/A       100%        5

Inventory:

Hand Weapons
 b - a +0 flail
 Y - a +1 hand axe (weapon)
Armour
 g - a +0 scale mail (worn)
 h - a +0 cloak (worn)
Jewellery
 a - a ring of fire
 l - a ring of protection from fire (left hand)
Scrolls
 f - a scroll of identify
Potions
 c - 3 potions of curing {unknown}
 e - a potion of berserk rage {unknown}
 i - a potion of mutation {unknown}

Dungeon Overview and Level Annotations

Branches:
Dungeon (4/15)
 Temple: D:4-7

Altars:


Message History

The orc priest is heavily wounded.
You hit the orc wizard.
The orc priest hits you but does no damage.
The orc hits you from afar with a +0 trident.
The orc wizard hits you but does no damage.
You closely miss the orc priest.
The orc priest is heavily wounded.
You miss the orc wizard. The orc priest closely misses you.
The orc barely misses you.
The orc wizard hits you but does no damage.
You hit the orc priest. You claw the orc priest.
You kill the orc priest!
You hit the orc wizard. The orc barely misses you.
The orc wizard closely misses you.
You hit the orc wizard but do no damage.
The orc wizard is moderately wounded.
You barely miss the endoplasm. The orc barely misses you.
The orc wizard hits you but does no damage.
The endoplasm hits you but does no damage.
You hit the orc wizard.
The orc wizard is heavily wounded.
You hit the endoplasm but do no damage.
The orc hits you from afar with a +0 trident.
The orc wizard hits you with a +0 dagger.
The endoplasm hits you but does no damage.
You hit the orc wizard.
You claw the orc wizard, but do no damage.
The orc wizard is almost dead.
You hit the endoplasm but do no damage. The orc closely misses you.
The orc wizard hits you with a +0 dagger.
The endoplasm hits you but does no damage.
You hit the orc wizard. Your peck misses the orc wizard.
The orc wizard is almost dead.
You hit the endoplasm.
The orc hits you from afar with a +0 trident.
The endoplasm freezes you.
You are frozen.
You die...

#### #...#
#. #...#
#.###.##
##...##
#.....##
#...#...#.#
#.. #####.#
#...#...#%#
#..oJ@##
##.oo##
#.### #.


You could see an orc wizard, 2 orcs and an endoplasm.

Vanquished Creatures
  Sigmund (D:2)
  A howler monkey (D:3)
  An orc priest (D:4)
  An iguana (D:3)
  Robin (D:2)
  4 adders
  2 dart slugs
  5 orcs
  11 ball pythons
  7 endoplasms
  A giant cockroach (D:2)
  22 goblins
  6 hobgoblins
  5 quokkas
  9 bats
  8 frilled lizards
  8 kobolds
  3 rats
96 creatures vanquished.

Notes
Turn   | Place    | Note
-------+----------+-------------------------------------------
     0 | D:1      | qw the Tengu Warper began the quest for the Orb.
     0 | D:1      | Reached XP level 1. HP: 12/12 MP: 4/4
     0 | D:1      | 0 ||| qw: Version: 0.1-a-89-g26bdef1
     0 | D:1      | 0 ||| qw: Game counter: 525
     0 | D:1      | 0 ||| qw: Always use a shield: true
     0 | D:1      | 0 ||| qw: God list: Okawaru
     0 | D:1      | 0 ||| qw: Allow faded altars: false
     0 | D:1      | 0 ||| qw: Do Orc after D:15 true
     0 | D:1      | 0 ||| qw: Do second Lair branch before Depths: true
     0 | D:1      | 0 ||| qw: Lair rune preference: random
     0 | D:1      | 0 ||| qw: Plans: Normal
     0 | D:1      | 0 ||| PLANNING D:1-11
    22 | D:1      | 22 ||| Stepping ~*~*~tactically~*~*~ (stealth).
    24 | D:1      | 24 ||| Stepping ~*~*~tactically~*~*~ (stealth).
    25 | D:1      | 25 ||| Stepping ~*~*~tactically~*~*~ (stealth).
    35 | D:1      | 35 ||| Stepping ~*~*~tactically~*~*~ (stealth).
    38 | D:1      | 38 ||| Stepping ~*~*~tactically~*~*~ (stealth).
    51 | D:1      | Reached XP level 2. HP: 8/17 MP: 6/6
    54 | D:1      | 54 ||| Stepping ~*~*~tactically~*~*~ (stealth).
    55 | D:1      | 55 ||| Stepping ~*~*~tactically~*~*~ (stealth).
    59 | D:1      | Reached skill level 3 in Axes
   608 | D:1      | 608 ||| Stepping ~*~*~tactically~*~*~ (stealth).
   616 | D:1      | Reached XP level 3. HP: 16/21 MP: 7/7
   683 | D:1      | 683 ||| DROPPING +0 club.
   944 | D:1      | Reached skill level 4 in Axes
  1106 | D:1      | 1106 ||| DROPPING amulet of faith.
  1107 | D:1      | 1107 ||| UPGRADING to ring of protection from fire.
  1108 | D:1      | 1108 ||| READING scroll labelled HEL ICOGIWKUFI.
  1237 | D:1      | 1237 ||| READING 2 scrolls labelled CORASM HIRU.
  1238 | D:1      | 1238 ||| READING scroll labelled DOGHAPR QOCIMO.
  1243 | D:1      | 1243 ||| READING scroll labelled TOM FODWEXT.
  1244 | D:1      | 1244 ||| DRINKING 2 murky clear potions.
  1245 | D:1      | 1245 ||| DROPPING scroll of blinking.
  1246 | D:1      | 1246 ||| DROPPING potion of degeneration.
  1348 | D:2      | Noticed Sigmund
  1358 | D:2      | HP: 4/21 [Sigmund/+0 scythe (2)]
  1359 | D:2      | Killed Sigmund
  1360 | D:2      | Reached skill level 6 in Axes
  1360 | D:2      | Reached XP level 4. HP: 5/26 MP: 8/8
  1360 | D:2      | Gained mutation: Your magical nature lets you fly swiftly
                  | and evasively. [Tengu growth]
  1360 | D:2      | Reached XP level 5. HP: 6/30 MP: 9/9
  1762 | D:2      | 1762 ||| Stepping ~*~*~tactically~*~*~ (stealth).
  1766 | D:2      | 1766 ||| Stepping ~*~*~tactically~*~*~ (stealth).
  1773 | D:2      | 1773 ||| Stepping ~*~*~tactically~*~*~ (stealth).
  1777 | D:2      | 1777 ||| Stepping ~*~*~tactically~*~*~ (stealth).
  1777 | D:2      | Noticed Robin
  1778 | D:2      | 1778 ||| Stepping ~*~*~tactically~*~*~ (stealth).
  1779 | D:2      | 1779 ||| Stepping ~*~*~tactically~*~*~ (stealth).
  1799 | D:2      | Reached XP level 6. HP: 16/35 MP: 10/10
  1800 | D:2      | Killed Robin
  1801 | D:2      | 1801 ||| FLEEEEING.
  1802 | D:2      | 1802 ||| FLEEEEING.
  1939 | D:2      | 1939 ||| Stepping ~*~*~tactically~*~*~ (stealth).
  1970 | D:2      | 1970 ||| Stepping ~*~*~tactically~*~*~ (stealth).
  1980 | D:2      | 1980 ||| Stepping ~*~*~tactically~*~*~ (stealth).
  2300 | D:2      | 2300 ||| Stepping ~*~*~tactically~*~*~ (stealth).
  2301 | D:2      | 2301 ||| Stepping ~*~*~tactically~*~*~ (stealth).
  2318 | D:2      | Found a faded altar of an unknown god.
  2709 | D:2      | 2709 ||| UPGRADING to +0 ring mail.
  2719 | D:2      | 2719 ||| DROPPING +0 leather armour.
  2720 | D:2      | 2720 ||| UPGRADING to +0 scale mail.
  2730 | D:2      | 2730 ||| DROPPING +0 ring mail.
  2731 | D:2      | 2731 ||| READING scroll labelled QUEFE BESILOP.
  2732 | D:2      | 2732 ||| DRINKING 2 fizzy white potions.
  2760 | D:2      | 2760 ||| DROPPING potion of lignification.
  2832 | D:3      | 2832 ||| Stepping ~*~*~tactically~*~*~ (stealth).
  2834 | D:3      | 2834 ||| Stepping ~*~*~tactically~*~*~ (stealth).
  2952 | D:3      | 2952 ||| Stepping ~*~*~tactically~*~*~ (stealth).
  2961 | D:3      | 2961 ||| Stepping ~*~*~tactically~*~*~ (stealth).
  2978 | D:3      | 2978 ||| DROPPING +0 whip.
  2990 | D:3      | Reached skill level 7 in Axes
  3446 | D:3      | 3446 ||| UPGRADING to +0 cloak.
  3451 | D:3      | 3451 ||| READING scroll labelled HEDUSY RESUA.
  3452 | D:3      | 3452 ||| READING scroll labelled HOKKINGAIPN.
  3453 | D:3      | 3453 ||| READING scroll labelled UVOMMI BAPH.
  3454 | D:3      | 3454 ||| READING scroll labelled EGICUQ TUTZA.
  3461 | D:4      | 3461 ||| STAIRDANCE
  3469 | D:3      | Reached skill level 3 in Fighting
  3534 | D:4      | 3534 ||| STAIRDANCE
  3634 | D:4      | 3634 ||| Stepping ~*~*~tactically~*~*~ (hiding).
  3646 | D:4      | 3646 ||| Stepping ~*~*~tactically~*~*~ (hiding).
  3653 | D:4      | HP: 8/37 [orc wizard/+0 dagger (2)]
  3655 | D:4      | HP: 3/37 [orc/+0 trident (1)]
  3655 | D:4      | Frozen to death by an endoplasm

Levels and vault maps discovered:
D:1:      dpeg_arrival_rooms_c, layout_basic
D:2:      layout_basic, nicolae_ecumenical_snake_handling, uniq_sigmund,
          uniq_robin
D:3:      layout_basic
D:4:      nicolae_cairo_tiling, layout_loops_ring, serial_shops,
          nicolae_diamond_shop, st_stairs_5

Skill      XL: |  1  2  3  4  5  6 |
---------------+-------------------+-----
Axes           | 3 6 7 |  7.3
Fighting       | 3 |  3.1
Throwing       | |  1.0
Armour         | |  1.1
Dodging        | |  2.1
Spellcasting   | |  2.0
Translocations | |  2.4

Action                   |  1- 3 |  4- 6 || total
-------------------------+-------+-------++-------
Melee: Hand axe          |    93 |   143 ||   236
       Kick              |    23 |    35 ||    58
       Peck              |     7 |    18 ||    25
       Punch             |     1 |     1 ||     2
Throw: Boomerang         |     7 |       ||     7
  Use: Scroll            |     4 |     5 ||     9
       Potion            |     1 |     1 ||     2
Armor: Leather armour    |    24 |     5 ||    29
       Scale mail        |       |    25 ||    25
Dodge: Dodged            |    55 |    72 ||   127

Table legend:
 A = Non-vault XP
 B = Vault XP
 C = Vault XP percentage of total XP
 D = Non-vault monster count
 E = Vault monster count
 F = Vault count percentage of total count
                 A         B        C        D         E       F
            +---------+---------+-------+---------+---------+-------
      Total |     308 |     268 |  46.5 |      78 |      18 |  18.8
            +---------+---------+-------+---------+---------+-------
        D:1 |      49 |       0 |   0.0 |      33 |       0 |   0.0
        D:2 |      40 |     268 |  87.0 |      15 |      18 |  54.5
        D:3 |     146 |       0 |   0.0 |      26 |       0 |   0.0
        D:4 |      73 |       0 |   0.0 |       4 |       0 |   0.0
            +---------+---------+-------+---------+---------+-------
